 Dungeon Crawl Stone Soup version 0.23.0 (webtiles) character file.

Game seed: 13649259223206196151

0 Monsterracer the Sneak (level 1, 0/9 HPs)
             Began as a Felid Wanderer on Feb 18, 2019.
             Slain by a leopard gecko (5 damage)
             ... on level 1 of the Dungeon.
             The game lasted 00:00:12 (35 turns).

Monsterracer the Sneak (Felid Wanderer)               Turns: 35, Time: 00:00:13

Health: 0/9        AC:  1    Str: 10    XL:     1   Next: 8%
Magic:  4/5        EV: 16    Int: 10    God:
Gold:   0          SH:  0    Dex: 16    Spells: 5/6 levels left
                                        Lives:  0   Deaths: 0

rFire    . . .     SeeInvis +   (weapon unavailable)
rCold    . . .     Gourm    .   (shield unavailable)
rNeg     . . .     Faith    .   (armour unavailable)
rPois    .         Spirit   .   (helmet unavailable)
rElec    .         Reflect  .   (cloak unavailable)
rCorr    .         Harm     .   (gloves unavailable)
MR       .....                  (boots unavailable)
Stlth    +++.......             (no amulet)
HPRegen  0.03/turn              (no ring)
MPRegen  0.09/turn              (no ring)

@: quick
A: very small, no armour, no weapons or thrown items, stealth, claws 1, fangs 3,
see invisible, carnivore, speed 1, shaggy fur 1, slow metabolism 1, sharp paws
a: no special abilities


You were on level 1 of the Dungeon.
You were not hungry.

You visited 1 branch of the dungeon, and saw 1 of its levels.

Inventory:

Scrolls
 a - a scroll of immolation {unknown}
 t - a scroll of teleportation {!r}
Comestibles
 c - a ration


   Skills:
 - Level 1.0 Fighting
 - Level 1.3 Dodging
 - Level 4.0 Stealth
 + Level 0.2 Unarmed Combat
 - Level 3.0 Spellcasting
   Level 1.5 Hexes
   Level 1.0 Ice Magic


You had 5 spell levels left.
You knew the following spells:

 Your Spells              Type           Power        Failure   Level  Hunger
a - Magic Dart            Conj           #...         28%         1    #......

Your spell library contained the following spells:

 Spells                   Type           Power        Failure   Level  Hunger
 Slow                     Hex            #.......     22%         2    ###....
 Blink                    Tloc           N/A          38%         2    ###....
 Call Imp                 Summ           #.......     38%         2    ###....
 Conjure Flame            Conj/Fire      #.......     63%         3    ###....
 Mephitic Cloud           Conj/Pois/Air  #.......     63%         3    ###....


Dungeon Overview and Level Annotations

Branches:
Dungeon (1/15)

Altars:


Innate Abilities, Weirdness & Mutations

You cannot wear armour.
You are incapable of wielding weapons or throwing items.
Your paws allow you to move quietly. (Stealth)
You have sharp claws.
You have razor-sharp teeth.
You have supernaturally acute eyesight. (SInv)
You are carnivorous and can eat meat at any time.
You cover ground quickly.
You are covered in fur. (AC +1)
You have a slow metabolism.
Your sharp claws are effective at attacking unaware monsters.


Message History

t - a scroll of teleportation Welcome, Monsterracer the Felid Wanderer.
It is said that the Orb of Zot exists deep within this dungeon.
Press ? for a list of commands and other information.
Found a scroll labeled BAEROO VUPOT.
Found a staircase leading out of the dungeon.
You begin with the following items: a ration, a scroll of teleportation {!r}; and the following spell memorised: Magic Dart; and the following spells available to memorise: Slow, Blink, Call Imp, Conjure Flame, Mephitic Cloud.
Casting: Magic Dart (safe; 28% risk of failure)
Confirm with . or Enter, or press ? or * to list all spells.
Okay, then.
There is a fountain of clear blue water here.
A bat comes into view.
A bat is nearby!
You pounce on the unaware helpless bat!
You claw the bat!
You kill the bat!
a - a scroll labeled BAEROO VUPOT
Found 24 stones.
No target in view!
A leopard gecko comes into view.
A leopard gecko and a kobold come into view.
The leopard gecko hisses angrily.
There are monsters nearby!
The leopard gecko completely misses you.
The kobold shouts!
You scratch the leopard gecko.
The leopard gecko is lightly wounded.
The leopard gecko bites you.
You take 4 damage, and have 5/9 hp.
MASSIVE DAMAGE!!
You are too injured to fight recklessly!
The leopard gecko barely misses you.
Casting: Magic Dart (safe; 28% risk of failure)
Confirm with . or Enter, or press ? or * to list all spells.
Aiming: Magic Dart (safe; 28% risk of failure)
Press: ? - help, Shift-Dir - straight line, f - leopard gecko
Aim: a leopard gecko (clinging)
Okay, then.
Casting: Magic Dart (safe; 28% risk of failure)
Confirm with . or Enter, or press ? or * to list all spells.
Aiming: Magic Dart (safe; 28% risk of failure)
Press: ? - help, Shift-Dir - straight line, f - leopard gecko
Aim: a leopard gecko (clinging)
The magic dart hits the leopard gecko.
The leopard gecko is severely wounded.
The leopard gecko bites you.
Ouch! That really hurt!
You die...

..# #.#########.
#.##........
#.##........
#.##........
#.##........
###.##.......#
#...##.......#
##...@ll......#
##..#####.#(####
#.#.# .#...
###.#.#####.. ...#
#............. ..#
##..##♣♣♣.♣♣♣## ...
#####...# ♣⌠♣
........♣♣♣♣♣.♣♣♣♣♣..
##.#.#.....⌠.<.⌠.....


You could see 2 leopard geckos.

Vanquished Creatures
  A bat (D:1)
1 creature vanquished.

Notes
Turn   | Place    | Note
-------+----------+-------------------------------------------
     0 | D:1      | Monsterracer the Felid Wanderer began the quest for the
                  | Orb.
     0 | D:1      | Monsterracer set off with the following items: a ration, a
                  | scroll of teleportation {!r}; and the following spell
                  | memorised: Magic Dart; and the following spells available
                  | to memorise: Slow, Blink, Call Imp, Conjure Flame, Mephitic
                  | Cloud
     0 | D:1      | Reached XP level 1. HP: 9/9 MP: 5/5
    35 | D:1      | Slain by a leopard gecko

Action                   || total
-------------------------++-------
Melee: Unarmed           ||     2
 Cast: Magic Dart        ||     1
 Stab: Sleeping          ||     1
Dodge: Dodged            ||     2

Levels and vault maps discovered:
D:1:      scummos_arrival_forest, layout_loops_cross
